 Dungeon Crawl Stone Soup version 0.32-a0-699-g1ee5eff69a (webtiles) character file.

Game seed: 10852571849080808414

119 arcshroob the Changeling (level 4, -9/24 HPs)
             Began as a Felid Shapeshifter on Mar 13, 2024.
             Was an Initiate of Beogh.
             Mangled by an ogre
             ... wielding a +0 giant club
              (19 damage)
             ... on level 4 of the Dungeon on Mar 14, 2024.
             The game lasted 00:05:00 (2074 turns).

arcshroob the Changeling (Felid Shapeshifter)       Turns: 2074, Time: 00:05:01

Health: -9/24      AC:  1    Str: 12    XL:     4   Next: 74%
Magic:  0/5        EV: 16    Int: 13    God:    Beogh [......]
Gold:   158        SH:  0    Dex: 16    Spells: 3/3 levels left
                                        Lives:  0   Deaths: 2

rFire   . .          .
                       - Unarmed
rCold   . . .        (shield unavailable)
rNeg    . . .        (body armour unavailable)
rPois   .            (helmet unavailable)
rElec   .            (cloak unavailable)
rCorr   .            (gloves unavailable)
SInv    +            (boots unavailable)
Will    .....        m - amulet of guardian spirit
Stlth   +            (no ring)
HPRegen 0.24/turn    (no ring)
MPRegen 0.09/turn

%: guardian spirit
@: beast-form
A: beast (slay +2), very small, claws 1, fangs 3, see invisible, shaggy fur 1,
stealthy paws, no weapons or thrown items, no armour, multi-lived
a: Begin Untransformation, Renounce Religion


You were on level 4 of the Dungeon.
You worshipped Beogh.
Beogh was noncommittal.
You were a hulking beast.
You visited 1 branch of the dungeon, and saw 4 of its levels.

You collected 158 gold pieces.

Inventory:

Jewellery
 m - an amulet of guardian spirit (around neck)
Talismans
 b - a beast talisman (active)
 c - a flux talisman
Scrolls
 d - a scroll of enchant weapon {unknown}
 e - 2 scrolls of noise
 g - a scroll of fear {unknown}
 h - a scroll of poison {unknown}
 i - a scroll of acquirement {unknown}
 j - 6 scrolls of teleportation {unknown}
 k - a scroll of torment {unknown}
 o - a scroll of revelation {unknown}
 p - a scroll of silence {unknown}
Potions
 a - 2 potions of lignification
 f - 2 potions of curing
 l - a potion of degeneration {unknown}
 n - a potion of attraction {unknown}
 q - a potion of brilliance {unknown}
 r - 2 potions of might {unknown}


   Skills:
 - Level 3.0 Fighting
 - Level 3.0 Dodging
 - Level 3.0 Unarmed Combat
 + Level 3.9 Shapeshifting


You had 3 spell levels left.
You didn't know any spells.
Your spell library contained the following spells:

 Spells                   Type           Power      Damage    Failure   Level
 Mercury Vapours          Alch/Air       0%         N/A       43%         2
 Scorch                   Fire           0%         2d5       43%         2
 Inner Flame              Hex/Fire       0%         N/A       67%         3
 Mephitic Cloud           Conj/Alch/Air  0%         N/A       67%         3
 Flame Wave               Conj/Fire      0%         2d4       97%         4
 Freezing Cloud           Conj/Ice/Air   0%         6-21      100%        5
 Irradiate                Conj/Alch      0%         3d11      100%        5
 Summon Cactus Giant      Summ           0%         N/A       100%        6
 Ignition                 Fire           0%         3d3       100%        8


Dungeon Overview and Level Annotations

Branches:
Dungeon (4/15)
 Temple: D:4-7

Altars:
Zin


Innate Abilities, Weirdness & Mutations

You are a hulking beast.
Your limbs bulge with bestial killing power. (Slay +2)
You have sharp claws.
You have razor-sharp teeth.
You have supernaturally acute eyesight. (SInv)
You are covered in fur. (AC +1)
Your paws help you pounce on unaware monsters.
You are incapable of wielding weapons or throwing items.
You cannot wear armour.
You gain extra lives every three experience levels.


Message History

The orc wizard gestures at you while chanting.
You resist with some effort.
You scratch the orc wizard. Your bite misses the orc wizard.
The orc wizard is heavily wounded.
The orc wizard barely misses you.
You scratch the orc wizard but do no damage.
The orc wizard is heavily wounded.
The orc wizard closely misses you.
You closely miss the orc wizard.
The orc wizard is heavily wounded.
You closely miss the orc wizard.
The orc wizard is heavily wounded.
The orc wizard hits you with a +0 dagger.
You barely miss the orc wizard. Your bite misses the orc wizard.
The orc wizard is heavily wounded.
The orc wizard barely misses you.
You scratch the orc wizard but do no damage.
The orc wizard is heavily wounded.
The orc wizard hits you with a +0 dagger.
You closely miss the orc wizard.
The orc wizard is heavily wounded.
The orc wizard hits you with a +0 dagger.
You barely miss the orc wizard. Your bite misses the orc wizard.
The orc wizard is heavily wounded.
The orc wizard hits you with a +0 dagger.
You claw the orc wizard!
You kill the orc wizard!
Beogh accepts your kill.
You claw the orc!
You kill the orc!
Beogh accepts your kill.
You scratch the ogre.
The ogre is lightly wounded.
You claw the ogre!
The ogre is heavily wounded.
The ogre barely misses you. The ogre attacks as it pursues you!
The ogre hits you with a +0 giant club!!
Ouch! That really hurt!
You die...

#...........# ' .
#...........#########.O..
##...........<$o.Oo....o#
###......†.###########.#
####...#......#
#..o.......# #.#$########
#.#O# #.#h# #.# #.# #.#
#<# #.# ... #.#


You could see an ogre and an orc wizard (invisible).

Vanquished Creatures
  An orc wizard (D:4)
  A gnoll (D:1)
  2 adders
  A dart slug (D:3)
  2 ribbon worms (D:2)
  7 orcs
  9 ball pythons
  3 bats
  2 endoplasms (D:2)
  2 giant cockroaches (D:2)
  2 goblins
  5 hobgoblins
  3 quokkas
  2 frilled lizards (D:1)
  6 kobolds
  3 rats
51 creatures vanquished.

Notes
Turn   | Place    | Note
-------+----------+-------------------------------------------
     0 | D:1      | arcshroob the Felid Shapeshifter began the quest for the
                  | Orb.
     0 | D:1      | Reached XP level 1. HP: 10/10 MP: 2/2
   220 | D:1      | Slain by a gnoll
   220 | D:1      | Lost a life (0 lives remaining)
   228 | D:1      | Reached XP level 2. HP: 9/15 MP: 3/3
   588 | D:2      | Reached XP level 3. HP: 19/20 MP: 4/4
   591 | D:2      | Became a worshipper of Beogh the Shepherd
  1471 | D:3      | Reached XP level 4. HP: 18/24 MP: 3/5
  1471 | D:3      | Gained a life (1 life remaining)
  1483 | D:3      | Slain by an orc
  1483 | D:3      | Lost a life (0 lives remaining)
  2019 | D:4      | Found a glowing silver altar of Zin.
  2039 | D:4      | Noticed an ogre
  2074 | D:4      | Mangled by an ogre

Illustrated notes

Levels and vault maps discovered:
D:1:      dpeg_arrival_arbitrary_b, layout_rooms, skrybe_limestone_x,
          hex_medium, minmay_statues_item
D:2:      layout_basic
D:3:      layout_loops_cross, serial_rivers, chequers_serial_rivers_large_b,
          chequers_serial_rivers_micro_d, chequers_serial_rivers_small_a,
          chequers_serial_rivers_marsh, chequers_serial_rivers_micro_d
D:4:      layout_basic, zin_academy

Skill      XL: |  1  2  3 |
---------------+----------+-----
Fighting       | 2 3 |  3.0
Dodging        | 3 |  3.0
Shapeshifting  | 3 |  3.9
Unarmed Combat | |  3.0

Action                     |  1- 3 |  4- 6 || total
---------------------------+-------+-------++-------
  Melee: Unarmed           |    97 |    40 ||   137
         Bite              |     7 |     5 ||    12
         Punch             |       |     1 ||     1
 Invoke: Convert to Beogh  |     1 |       ||     1
    Use: Potion            |     2 |       ||     2
         Scroll            |       |     1 ||     1
   Stab: Sleeping          |     2 |       ||     2
 Armour: Skin              |    33 |    21 ||    54
  Dodge: Dodged            |    72 |    30 ||   102

Table legend: (Time is in decaauts)
 A = Elapsed time spent in this place.
 B = Non-inter-level travel time spent in this place.
 C = Inter-level travel time spent in this place.
 D = Time resting spent in this place.
 E = Time spent auto-exploring this place.
 F = Levels seen in this place.
 G = Mean time per level.
                   A        B        C        D        E       F      G
               +--------+--------+--------+--------+--------+-----+--------+
         Total |   2094 |   2028 |     66 |      0 |   1575 |   4 |  523.5 |
       Dungeon |   2094 |   2028 |     66 |      0 |   1575 |   4 |  523.5 |
               +--------+--------+--------+--------+--------+-----+--------+

Top non-repeatable levels by time:
     D:2: 733 daAuts
     D:3: 729 daAuts
     D:1: 578 daAuts
     D:4: 53 daAuts
